Map: Lerilak Crest

Players

Dyukusi

  • Race: Terran Terran
  • League: Diamond

Fullmetal - Winner!

  • Race: Terran Terran
  • League: Master

VOD

Have the link to the VOD?

Description

Time

  • Played on: Nov. 16, 2015, 2:58 a.m.
  • Length: 7:34
Show
View Real Time Build Order
Export as new Build Order

Dyukusi Terran 

Build Orders:  

Get SALT Encoding   

  12  0:01  SCV  
  13  0:13  SCV  
  14  0:18  Supply Depot  
  14  0:25  SCV  
  15  0:39  SCV  
  16  0:43  Barracks  
  16  0:51  SCV  
  17  1:03  SCV  
  18  1:16  SCV  
  19  1:25  Command Center  
  19  1:29  Marine  
  20  1:34  Orbital Command  
  20  1:46  Refinery  
  20  1:49  Marine  
  20  1:51  Supply Depot  
  21  2:00  SCV, Refinery  
  22  2:07  Marine  
  23  2:13  SCV  
  24  2:25  SCV  
  24  2:27  Marine  
  26  2:37  SCV, Orbital Command  
  26  2:39  Refinery  
  26  2:43  Factory  
  27  2:49  SCV, Marine  
  29  3:02  SCV  
  29  3:03  SCV  
  31  3:11  Bunker, Marine  
  32  3:17  SCV  
  32  3:18  SCV  
  32  3:19  Barracks  
  34  3:29  SCV  
  34  3:30  SCV  
  34  3:33  Marine  
  37  3:35  Factory Tech Lab  
  37  3:41  SCV  
  37  3:42  SCV  
  37  3:44  Bunker  
  39  3:50  Marine  
  39  3:51  Engineering Bay  
  39  3:53  SCV  
  39  3:54  SCV  
  42  4:02  Siege Tank  
  45  4:06  Starport  
  45  4:07  Barracks Tech Lab  
  45  4:08  SCV  
  45  4:14  Refinery  
  45  4:15  Barracks Tech Lab  
  41  4:26  SCV  
  41  4:27  SCV  
  41  4:28  Marine  
  40  4:33  Marine  
  36  4:39  SCV  
  36  4:40  SCV, Engineering Bay  
  38  4:51  SCV, Marine  
  41  4:56  Command Center  
  40  5:05  Cyclone  
  40  5:06  SCV  
  43  5:11  Starport Reactor  
  43  5:12  Viking  
  43  5:14  Missile Turret  
  43  5:20  SCV  
  45  5:22  Orbital Command  
  45  5:24  Marine  
  44  5:37  Missile Turret  
  44  5:38  SCV  
  44  5:39  Missile Turret  
  45  5:49  SCV  
  46  5:50  Liberator  
  46  5:57  Starport Reactor  
  46  6:07  SCV x2, Marine x2  
  52  6:19  SCV  
  53  6:32  Orbital Command  
  53  6:40  Orbital Command  
  53  6:49  Supply Depot x2  
  53  7:00  Marine  
  53  7:01  Medivac  
  53  7:10  Marine  
  53  7:11  SCV  
Show
View Real Time Build Order
Export as new Build Order

Fullmetal Terran - Winner!

Build Orders: 1/1/1, Banshee Rush 

Get SALT Encoding   

  12  0:01  SCV  
  13  0:13  SCV  
  14  0:18  Supply Depot  
  14  0:25  SCV  
  15  0:28  Refinery  
  15  0:39  SCV  
  16  0:45  Barracks  
  16  0:51  SCV  
  16  0:57  Refinery  
  17  1:04  SCV  
  18  1:16  SCV  
  19  1:31  Orbital Command  
  19  1:34  Factory  
  19  1:38  Reaper  
  20  1:49  Supply Depot  
  20  1:57  SCV  
  21  2:09  SCV  
  21  2:10  Reaper  
  23  2:20  Starport  
  23  2:21  SCV  
  24  2:27  Hellion  
  25  2:33  SCV  
  26  2:43  Supply Depot, Barracks Tech Lab  
  26  2:46  SCV  
  26  2:49  Hellion  
  29  2:58  SCV  
  30  3:08  Barracks Reactor  
  30  3:09  Cloaking Field  
  30  3:10  Banshee  
  33  3:16  Hellion  
  33  3:19  Supply Depot  
  35  3:22  SCV  
  36  3:36  SCV  
  36  3:38  Factory Tech Lab  
  37  3:46  Marine x2  
  39  3:53  Command Center  
  39  3:59  Banshee  
  42  4:03  SCV  
  43  4:10  Siege Tank  
  43  4:15  Marine  
  47  4:25  Marine  
  47  4:29  SCV  
  47  4:44  SCV, Siege Tank, Marine  
  47  4:45  Supply Depot  
  52  4:52  Barracks  
  52  4:53  Starport Reactor  
  50  5:00  Marine  
  50  5:02  Marine  
  52  5:11  SCV  
  53  5:14  Orbital Command  
  53  5:20  Marine x2  
  55  5:23  SCV  
  55  5:28  Siege Tank  
  59  5:29  Orbital Command  
  59  5:35  SCV  
  60  5:40  Marine x3  
  58  5:53  Viking  
  60  6:02  Viking  
  60  6:04  SCV  
  60  6:05  Marine  
  60  6:06  Marine  
  60  6:09  Marine  
  63  6:12  SCV  
  63  6:16  SCV  
  65  6:21  Siege Tank  
  65  6:24  SCV  
  69  6:31  Marine x2  
  69  6:32  Marine  
  69  6:37  Viking, Barracks  
  69  6:38  SCV  
  72  6:43  Viking  
  74  6:52  SCV  
  74  6:53  Refinery  
  71  7:07  Marine x2  
  74  7:11  Marine  
  67  7:17  SCV  
  68  7:25  Barracks Reactor  
  68  7:26  Barracks  
Tags
 
Add a new tag
Caveats
  • Supply blocks, unpowered buildings, or Contaminate may cause inaccurate times.
  • Supply counts are checked every 10 seconds.